PR
SAN DIEGO CLIPPERS @ WINTER HAVEN SUN SOX
06/06/2034
 
TOP OF THE 1ST
San Diego Clippers batting - Pitching for Winter Haven Sun Sox : RHP Alfonso Gonzáles
Pitching: RHP Alfonso Gonzáles
Batting: RHB Sze Qi 0-0: Bunt missed!
0-1: Foul Ball, location: 2F
0-2: Ball
1-2: Foul Ball, location: 2F
1-2: Foul Ball, location: 2F
1-2: Foul Ball, location: 2F
1-2: Strikes out looking
Batting: LHB Larry Moore 0-0: Ball
1-0: Foul Ball, location: 2F
1-1: Foul Ball, location: 2F
1-2: Strikes out swinging
Batting: LHB Tony Worley 0-0: Called Strike
0-1: Foul Ball, location: 2F
0-2: Ball
1-2: Ball
2-2: Foul Ball, location: 2F
2-2: Strikes out swinging
Top of the 1st over - 0 runs, 0 hits, 0 errors, 0 left on base; San Diego 0 - Winter Haven 0
BOTTOM OF THE 1ST
Winter Haven Sun Sox batting - Pitching for San Diego Clippers : LHP Jeff McDermott
Pitching: LHP Jeff McDermott
Batting: RHB Ernest Franks 0-0: Ball
1-0: Ball
2-0: Called Strike
2-1: Called Strike
2-2: SINGLE (Line Drive, 8LS)
Batting: RHB Roberto Ramos 0-0: Ball
1-0: Called Strike
1-1: Ball
2-1: Fly out, F7 (Flyball, 7)
Batting: RHB Richard Trevithick 0-0: Ball
1-0: Foul Ball, location: 2F
1-1: Foul Ball, location: 2F
1-2: Ball
2-2: Foul Ball, location: 2F
2-2: Ball
3-2: Fly out, F7 (Flyball, 78M)
Batting: RHB Paul Bader 0-0: Ball
Ernest Franks is caught stealing 2nd base
Bottom of the 1st over - 0 runs, 1 hit, 0 errors, 0 left on base; San Diego 0 - Winter Haven 0
TOP OF THE 2ND
San Diego Clippers batting - Pitching for Winter Haven Sun Sox : RHP Alfonso Gonzáles
Batting: RHB Cleveland Mortimer 0-0: Ball
1-0: Foul Ball, location: 2F
1-1: Ball
2-1: Foul Ball, location: 2F
2-2: Fly out, F9 (Flyball, 89D)
Batting: LHB Chet Clifton 0-0: Ball
1-0: Swinging Strike
1-1: Foul Ball, location: 2F
1-2: Foul Ball, location: 2F
1-2: Strikes out swinging
Batting: RHB Zhen-bang Kwan 0-0: Called Strike
0-1: Swinging Strike
0-2: Ball
1-2: SINGLE (Groundball, 56D)
Batting: LHB Pedro Serano 0-0: Called Strike
Zhen-bang Kwan is caught stealing 2nd base
Top of the 2nd over - 0 runs, 1 hit, 0 errors, 0 left on base; San Diego 0 - Winter Haven 0
BOTTOM OF THE 2ND
Winter Haven Sun Sox batting - Pitching for San Diego Clippers : LHP Jeff McDermott
Batting: RHB Paul Bader 0-0: Ball
1-0: Foul Ball, location: 2F
1-1: Ball
2-1: SINGLE (Line Drive, 34)
Batting: RHB José Álvarez 0-0: Ball
1-0: Foul Ball, location: 2F
1-1: SINGLE (Flyball, 89S)
Paul Bader to second
Batting: SHB Vincent Griffin 0-0: Ball
1-0: Swinging Strike
1-1: Foul Ball, location: 2F
1-2: Foul Ball, location: 2F
1-2: Ball
2-2: Strikes out swinging
Batting: SHB Garrett Hogan 0-0: SINGLE (Line Drive, 9S)
Paul Bader to third
José Álvarez to second
Batting: RHB Jeff Bowers 0-0: Swinging Strike
0-1: Fly out, F1 (Line Drive, 15)
Batting: LHB Pat Carter 0-0: Called Strike
0-1: Swinging Strike
0-2: Ball
1-2: Ball
2-2: Strikes out looking
Bottom of the 2nd over - 0 runs, 3 hits, 0 errors, 3 left on base; San Diego 0 - Winter Haven 0
TOP OF THE 3RD
San Diego Clippers batting - Pitching for Winter Haven Sun Sox : RHP Alfonso Gonzáles
Batting: LHB Pedro Serano 0-0: SINGLE (Groundball, 34S) (infield hit)
Batting: RHB Bill Fernández 0-0: Called Strike
0-1: Ball
1-1: Called Strike
1-2: Foul Ball, location: 2F
1-2: Fielders Choice at 2nd, 6-4 (Groundball, 6D)
Batting: LHB Bill O'Halloran 0-0: Ball
1-0: Ball
2-0: Called Strike
2-1: Swinging Strike
2-2: Ball
3-2: Hit by Pitch
Bill Fernández to second
Batting: RHB Sze Qi 0-0: Ball
1-0: Grounds into double play, 6-4-3 (Groundball, 6D)
Top of the 3rd over - 0 runs, 1 hit, 0 errors, 1 left on base; San Diego 0 - Winter Haven 0
BOTTOM OF THE 3RD
Winter Haven Sun Sox batting - Pitching for San Diego Clippers : LHP Jeff McDermott
Batting: RHB Ernest Franks 0-0: Called Strike
0-1: Ball
1-1: Ball
2-1: Ball
3-1: Swinging Strike
3-2: Base on Balls
Batting: RHB Roberto Ramos 0-0: Ball
1-0: Called Strike
1-1: Ball
2-1: Swinging Strike
2-2: SINGLE (Groundball, 56D)
Ernest Franks to second
Batting: RHB Richard Trevithick 0-0: Called Strike
0-1: Foul Ball, location: 2F
0-2: Ball
1-2: Foul Ball, location: 2F
1-2: Foul Ball, location: 2F
1-2: Strikes out looking
Batting: RHB Paul Bader 0-0: Foul Ball, location: 2F
0-1: Grounds into double play, 4-6-3 (Groundball, 4)
Bottom of the 3rd over - 0 runs, 1 hit, 0 errors, 1 left on base; San Diego 0 - Winter Haven 0
TOP OF THE 4TH
San Diego Clippers batting - Pitching for Winter Haven Sun Sox : RHP Alfonso Gonzáles
Batting: LHB Larry Moore 0-0: Ball
1-0: SINGLE (Groundball, 4MD)
Batting: LHB Tony Worley 0-0: Ball
Larry Moore steals 2nd base
1-0: Swinging Strike
1-1: Ball
2-1: Called Strike
2-2: Foul Ball, location: 2F
2-2: Fly out, F9 (Flyball, 9)
Batting: RHB Cleveland Mortimer 0-0: Ball
1-0: SINGLE (Groundball, 56D)
Larry Moore to third
Batting: LHB Chet Clifton 0-0: Called Strike
0-1: Foul Ball, location: 2F
0-2: Ball
1-2: Ball
2-2: Foul Ball, location: 2F
2-2: Fly out, F7 (Flyball, 78M)
Runner from 3rd tags up, SCORES, no throw
Batting: RHB Zhen-bang Kwan 0-0: Called Strike
0-1: Ball
1-1: Ball
2-1: Called Strike
2-2: Fly out, F3 (Popup, 3S)
Top of the 4th over - 1 run, 2 hits, 0 errors, 1 left on base; San Diego 1 - Winter Haven 0
BOTTOM OF THE 4TH
Winter Haven Sun Sox batting - Pitching for San Diego Clippers : LHP Jeff McDermott
Batting: RHB José Álvarez 0-0: Ball
1-0: Ball
2-0: DOUBLE (Line Drive, 7LM)
Batting: SHB Vincent Griffin 0-0: Swinging Strike
0-1: Ball
1-1: Ball
2-1: Foul Ball, location: 2F
2-2: Strikes out swinging
Batting: SHB Garrett Hogan 0-0: Swinging Strike
0-1: Ball
1-1: Foul Ball, location: 2F
1-2: Strikes out swinging
Batting: RHB Jeff Bowers 0-0: Swinging Strike
0-1: Ball
1-1: Called Strike
1-2: Ball
2-2: Strikes out swinging
Bottom of the 4th over - 0 runs, 1 hit, 0 errors, 1 left on base; San Diego 1 - Winter Haven 0
TOP OF THE 5TH
San Diego Clippers batting - Pitching for Winter Haven Sun Sox : RHP Alfonso Gonzáles
Batting: LHB Pedro Serano 0-0: Ball
1-0: Swinging Strike
1-1: Ground out U3 (Groundball, 34S)
Batting: RHB Bill Fernández 0-0: Ball
1-0: SINGLE (Flyball, 7LS)
Batting: LHB Bill O'Halloran 0-0: Called Strike
Bill Fernández is caught stealing 2nd base
0-1: Foul Ball, location: 2F
0-2: Foul Ball, location: 2F
0-2: Ball
1-2: Ball
2-2: Foul Ball, location: 2F
2-2: Fly out, F8 (Flyball, 8LM)
Top of the 5th over - 0 runs, 1 hit, 0 errors, 0 left on base; San Diego 1 - Winter Haven 0
BOTTOM OF THE 5TH
Winter Haven Sun Sox batting - Pitching for San Diego Clippers : LHP Jeff McDermott
Batting: LHB Pat Carter 0-0: Swinging Strike
0-1: Foul Ball, location: 2F
0-2: Ball
1-2: Ball
2-2: Strikes out swinging, 2-3 out at first.
Batting: RHB Ernest Franks 0-0: Ball
1-0: Foul Ball, location: 2F
1-1: Ball
2-1: Swinging Strike
2-2: Ball
3-2: Foul Ball, location: 2F
3-2: Strikes out swinging
Batting: RHB Roberto Ramos 0-0: Swinging Strike
0-1: SINGLE (Groundball, 6MD)
Batting: RHB Richard Trevithick 0-0: Ball
1-0: SINGLE (Line Drive, 5D)
Roberto Ramos to second
Runner from 2nd tries for 3rd, SAFE, no throw
Batting: RHB Paul Bader 0-0: Ball
1-0: Foul Ball, location: 2F
1-1: Ground out 5-3 (Groundball, 56S)
Bottom of the 5th over - 0 runs, 2 hits, 0 errors, 2 left on base; San Diego 1 - Winter Haven 0
TOP OF THE 6TH
San Diego Clippers batting - Pitching for Winter Haven Sun Sox : RHP Alfonso Gonzáles
Batting: RHB Sze Qi 0-0: Called Strike
0-1: Bunt - Flyout! F2
Batting: LHB Larry Moore 0-0: Called Strike
0-1: Swinging Strike
0-2: Fly out, F4 (Line Drive, 4)
Batting: LHB Tony Worley 0-0: Called Strike
0-1: Ball
1-1: Foul Ball, location: 2F
1-2: Ball
2-2: Fly out, F7 (Flyball, 7LM)
Top of the 6th over - 0 runs, 0 hits, 0 errors, 0 left on base; San Diego 1 - Winter Haven 0
BOTTOM OF THE 6TH
Winter Haven Sun Sox batting - Pitching for San Diego Clippers : LHP Jeff McDermott
Batting: RHB José Álvarez 0-0: SINGLE (Line Drive, 8RS)
Batting: SHB Vincent Griffin 0-0: Ball
1-0: Fly out, F8 (Flyball, 8RM)
Batting: SHB Garrett Hogan 0-0: Fly out, F8 (Flyball, 78S)
Batting: RHB Jeff Bowers 0-0: Foul Ball, location: 2F
0-1: Fly out, F9 (Flyball, 9LS)
Bottom of the 6th over - 0 runs, 1 hit, 0 errors, 1 left on base; San Diego 1 - Winter Haven 0
TOP OF THE 7TH
San Diego Clippers batting - Pitching for Winter Haven Sun Sox : RHP Alfonso Gonzáles
Batting: RHB Cleveland Mortimer 0-0: Called Strike
0-1: Ball
1-1: Foul Ball, location: 2F
1-2: SINGLE (Groundball, 6D)
Batting: LHB Chet Clifton 0-0: Foul Ball, location: 2F
0-1: Fly out, F8 (Flyball, 8LD)
Pinch Hitting: LHB Dan Hines 0-0: Fly out, F6 (Line Drive, 6M)
Batting: LHB Pedro Serano 0-0: Foul Ball, location: 2F
0-1: Foul Ball, location: 2F
0-2: Foul Ball, location: 2F
0-2: Foul Ball, location: 2F
0-2: Ball
1-2: Ball
2-2: Ground out 4-3 (Groundball, 4S)
Top of the 7th over - 0 runs, 1 hit, 0 errors, 1 left on base; San Diego 1 - Winter Haven 0
BOTTOM OF THE 7TH
Winter Haven Sun Sox batting - Pitching for San Diego Clippers : LHP Jeff McDermott
Now in RF: Dan Hines
Batting: LHB Pat Carter 0-0: Ball
1-0: Ball
2-0: Called Strike
2-1: Called Strike
2-2: Strikes out looking
Batting: RHB Ernest Franks 0-0: Fly out, F8 (Flyball, 8LD)
Batting: RHB Roberto Ramos 0-0: Ball
1-0: Called Strike
1-1: Foul Ball, location: 2F
1-2: Ground out 6-3 (Groundball, 6MS)
Bottom of the 7th over - 0 runs, 0 hits, 0 errors, 0 left on base; San Diego 1 - Winter Haven 0
TOP OF THE 8TH
San Diego Clippers batting - Pitching for Winter Haven Sun Sox : RHP Alfonso Gonzáles
Batting: RHB Bill Fernández 0-0: Swinging Strike
0-1: DOUBLE (Line Drive, 7LS)
Batting: LHB Bill O'Halloran 0-0: SINGLE (Line Drive, 4M)
Bill Fernández to third
Runner from 3rd tries for Home, SAFE, throw made home
Batting: RHB Sze Qi 0-0: Bunted foul
0-1: Ball
1-1: Bunt - Flyout! F2
Batting: LHB Larry Moore 0-0: Ball
1-0: SINGLE (Groundball, 6MD)
Bill O'Halloran to second
Batting: LHB Tony Worley 0-0: Called Strike
0-1: Foul Ball, location: 2F
0-2: Ball
1-2: Foul Ball, location: 2F
1-2: Foul Ball, location: 2F
1-2: Ball
2-2: Fly out, F7 (Flyball, 78D)
Batting: RHB Cleveland Mortimer 0-0: Called Strike
0-1: Fly out, F8 (Flyball, 8LM)
Top of the 8th over - 1 run, 3 hits, 0 errors, 2 left on base; San Diego 2 - Winter Haven 0
BOTTOM OF THE 8TH
Winter Haven Sun Sox batting - Pitching for San Diego Clippers : LHP Jeff McDermott
Batting: RHB Richard Trevithick 0-0: Called Strike
0-1: Ground out 6-3 (Groundball, 6D)
Batting: RHB Paul Bader 0-0: Called Strike
0-1: Ball
1-1: Ball
2-1: Foul Ball, location: 2F
2-2: Ball
3-2: Fly out, F5 (Line Drive, 5L)
Batting: RHB José Álvarez 0-0: Called Strike
0-1: Ball
1-1: Ball
2-1: Fly out, F9 (Flyball, 9)
Bottom of the 8th over - 0 runs, 0 hits, 0 errors, 0 left on base; San Diego 2 - Winter Haven 0
TOP OF THE 9TH
San Diego Clippers batting - Pitching for Winter Haven Sun Sox : RHP Alfonso Gonzáles
Batting: LHB Chet Clifton 0-0: Ball
1-0: Foul Ball, location: 2F
1-1: Ball
2-1: Foul Ball, location: 2F
2-2: Ball
3-2: Base on Balls
Batting: LHB Dan Hines 0-0: Ball
1-0: Called Strike
Chet Clifton is caught stealing 2nd base
1-1: Ball
2-1: Ground out 1-3 (Groundball, 13)
Batting: LHB Pedro Serano 0-0: Ball
1-0: Ball
2-0: Called Strike
2-1: Foul Ball, location: 2F
2-2: Ball
3-2: Foul Ball, location: 2F
3-2: DOUBLE (Line Drive, 78D)
Batting: RHB Bill Fernández 0-0: Called Strike
0-1: Ball
1-1: Swinging Strike
1-2: Ball
2-2: Ball
3-2: Foul Ball, location: 2F
3-2: Ground out 5-3 (Groundball, 5S)
Top of the 9th over - 0 runs, 1 hit, 0 errors, 1 left on base; San Diego 2 - Winter Haven 0
BOTTOM OF THE 9TH
Winter Haven Sun Sox batting - Pitching for San Diego Clippers : LHP Jeff McDermott
Now at 1B: David Sheehan
Batting: SHB Vincent Griffin 0-0: Called Strike
0-1: SINGLE (Groundball, 6MD)
Pitching: RHP César Sandoval
Pinch Hitting: LHB Matt McClendon 0-0: Swinging Strike
0-1: Ball
1-1: Swinging Strike
1-2: Foul Ball, location: 2F
1-2: Strikes out swinging
Pinch Hitting: LHB Donald Lund 0-0: Called Strike
0-1: Swinging Strike
0-2: Foul Ball, location: 2F
0-2: Foul Ball, location: 2F
0-2: Ball
1-2: Ball
2-2: Strikes out swinging
Pinch Hitting: RHB Raheem Sterling 0-0: Ball
1-0: Called Strike
1-1: Ball
2-1: Ball
3-1: Fielders Choice at 2nd, 6-4 (Groundball, 6)
Bottom of the 9th over - 0 runs, 1 hit, 0 errors, 1 left on base; San Diego 2 - Winter Haven 0
Friday, March 29th, 2019 - OOTP Baseball 18.8 Build 76